omghax, neutral male scurrid Tourist --- -------- ..--- ---------.....>...}...--- ---------........M.....%........--- ---------......................./.........--- ---------...................................*.....f.--- -.............................i@.........%.....j.....o- -......................<......[.....i.i..............[..........- |..!.....................%..........................d.O...................| |.}........................n..........................F.................}.| |........+.................u..............................................| ---................................n.x......q.......iP....%.o.....--------- ---........................e..........l....?............--------- ---.?...^......[...O..............ex..........--------- ---..........H..n..Y..........M.....--------- ---.............%.........-------- ---.[.}Q....... -------- ---.. ------- --- omghax the Rambler Experience level: 1 Strength: 15 Dexterity: 8 Constitution: 13 Intelligence: 15 Wisdom: 7 Charisma: 12 Health: 0(9) Energy: 2(2) Def: 0 Gold: 771 Moves: 33 Dungeon seed: 7c1RYq6-PjnT2H8b Game ID: omghax_1498614409 Your Inventory: Coins $ - 771 gold pieces Weapons a - 46 uncursed +2 darts (in quiver) Armor e - an uncursed +0 Hawaiian shirt (being worn) Comestibles b - an uncursed candy bar c - an uncursed fortune cookie d - an uncursed chestnut f - 5 uncursed food rations g - an uncursed apple h - an uncursed tin of lichen i - 2 uncursed tripe rations Scrolls k - a blessed scroll of magic mapping l - 3 uncursed scrolls of magic mapping Potions j - 2 uncursed potions of extra healing Wands o - an uncursed wand of secret door detection (0:11) Tools m - an uncursed expensive camera (0:95) n - an uncursed credit card p - an uncursed oil lamp (0:1191) Spells and supernatural/magical abilities: Name Level Category Fail Memory W - pray for help -- divine ? -- Your skills at the end: Miscellaneous Skills wands [Basic] Weapon Skills dart [Basic] Spellcasting Skills Final Attributes: You were devoutly aligned. You had infravision. You were very stealthy. You are dead. Voluntary challenges: You went without food. You did not adorn yourself with jewelry or accessories. You did not cause conflict. You were not invisible. You did not have reflection. You were not displaced. You were an atheist. You never hit with a wielded weapon. You were a pacifist. You did not use tools. You did not use plumbed fixtures. You did not drink any magical draughts. You were illiterate. You never genocided any monsters. You never polymorphed an object. You never changed form. You used no wishes. You never split a pudding. You never wrote Elbereth's name. You never violated your personal moral code. Dungeon overview: The Dungeons of Doom: levels 1 to 14 Level 1 a long staircase Level 2 Level 3 Level 4 Level 5 Level 6 a sink Level 7 Level 8 a fountain Level 9 Level 10 Level 11 Level 12 Level 13 Level 14 <- You were here History has recorded: On T:1 you entered the Dungeons of Doom to retrieve the Amulet of Yendor! On T:4 you reached level 2 of The Dungeons of Doom. On T:7 you reached level 3 of The Dungeons of Doom. On T:9 you reached level 4 of The Dungeons of Doom. On T:11 you reached level 5 of The Dungeons of Doom. On T:13 you reached level 6 of The Dungeons of Doom. On T:16 you reached level 7 of The Dungeons of Doom. On T:18 you reached level 8 of The Dungeons of Doom. On T:20 you reached level 9 of The Dungeons of Doom. On T:22 you reached level 10 of The Dungeons of Doom. On T:26 you reached level 11 of The Dungeons of Doom. On T:28 you reached level 12 of The Dungeons of Doom. On T:31 you reached level 13 of The Dungeons of Doom. On T:33 you reached level 14 of The Dungeons of Doom. Score breakdown: Gold: 428 ( 42 points) Experience: 1 level ( 0 points) Exploration: 14 levels ( 390 points) Discoveries: 0 items ( 0 points) Variety of kills: 0 monsters ( 0 points) Major goal: (nothing yet) ( 0 points) Survival: died (score multiplied by 3) Total score: 1296 Latest messages: You continue digging downward. You dig a hole through the floor. You fall through... You start digging downward. You continue digging downward. You dig a pit in the floor. You continue digging downward. You dig a hole through the floor. You fall through... You start digging downward. You continue digging downward. You dig a pit in the floor. You continue digging downward. You dig a hole through the floor. You fall through... The giant seems disoriented. The quasit claws you! The quasit's sting was poisoned! Your muscles won't obey you! The quasit claws you! The quasit bites! The quasit claws you! You die... Final status: Aloha omghax the Tourist, killed by a quasit... You died in The Dungeons of Doom on dungeon level 14 with 1296 points, and 771 pieces of gold, after 33 moves. You were level 1 with a maximum of 9 hit points when you died.